 Dungeon Crawl Stone Soup version 0.29.0-11-gd7f09526c8 (webtiles) character file.

Game seed: 964650887761882387

512 Zonian the Chiller (level 6, -3/41 HPs)
             Began as a Demonspawn Ice Elementalist on Sept 4, 2022.
             Slain by an iguana (8 damage)
             ... on level 5 of the Dungeon.
             The game lasted 00:10:29 (7568 turns).

Zonian the Chiller (Demonspawn Ice Elementalist)    Turns: 7568, Time: 00:10:29

Health: -3/41      AC:  4    Str:  9    XL:     6   Next: 99%
Magic:  13/13      EV: 12    Int: 16    God:
Gold:   278        SH:  0    Dex: 15    Spells: 10/14 levels left

rFire   . . .      SeeInvis .   p - +3 dagger (venom)
rCold   . . .      Faith    .   (no shield)
rNeg    . . .      Spirit   .   a - +0 robe
rPois   .          Reflect  .   (no helmet)
rElec   .          Harm     .   (no cloak)
rCorr   .          Rampage  .   (no gloves)
Will    .....                   (no boots)
Stlth   ++........              (no amulet)
HPRegen 0.13/turn               (no ring)
MPRegen 0.13/turn               (no ring)

@: no status effects
A: hooves 2, yellow scales 1, ignite blood 1
a: no special abilities


You were on level 5 of the Dungeon.
You visited 1 branch of the dungeon, and saw 5 of its levels.

You collected 278 gold pieces.

Inventory:

Hand Weapons
 c - a +0 dagger
 h - a +2 rapier of electrocution
 p - a +3 dagger of venom (weapon)
 q - the +6 dagger "Deweexin" {protect, Fly rN+++ rCorr Int-4}
   (You found it on level 4 of the Dungeon)

   It grants its wielder temporary protection when it strikes (+7 to AC).
   Int:       It affects your intelligence (-4).
   rN:        It renders you almost immune to negative energy.
   Fly:       It grants you flight.
   rCorr:     It protects you from acid and corrosion.
Armour
 a - a +0 robe (worn)
 u - a +0 pair of gloves
Jewellery
 k - a ring of ice
Wands
 d - a wand of polymorph (7)
Scrolls
 f - a scroll of enchant weapon
 g - 4 scrolls of blinking
 i - a scroll of vulnerability
 l - a scroll of teleportation
 m - 3 scrolls of poison
Potions
 b - a potion of magic
 e - 2 potions of degeneration
 j - a potion of flight
 n - a potion of brilliance
 o - 2 potions of berserk rage
 s - a potion of attraction
 t - a potion of heal wounds


   Skills:
 - Level 2.5 Dodging
 - Level 2.7 Stealth
 + Level 4.7 Spellcasting
 + Level 5.6 Ice Magic


You had 10 spell levels left.
You knew the following spells:

 Your Spells              Type           Power      Damage    Failure   Level
a - Freeze                Ice            84%        1d10      1%          1
b - Frozen Ramparts       Ice            42%        1d7       4%          3

Your spell library contained the following spells:

 Spells                   Type           Power      Damage    Failure   Level
 Ozocubu's Armour         Ice            21%        N/A       4%          3
 Apportation              Tloc           6%         N/A       16%         1
 Necrotise                Necr           12%        1d4       16%         1
 Sting                    Tmut/Pois      12%        1d3       16%         1
 Summon Small Mammal      Summ           12%        N/A       16%         1
 Blink                    Tloc           6%         N/A       24%         2
 Poisonous Vapours        Pois/Air       6%         N/A       24%         2
 Static Discharge         Conj/Air       3%         3-4/arc   24%         2
 Hailstorm                Conj/Ice       12%        3d5       43%         4
 Dispel Undead            Necr           3%         3d7       83%         4
 Olgreb's Toxic Radiance  Pois           3%         N/A       83%         4
 Sticky Flame             Conj/Fire      3%         2d3       83%         4
 Manifold Assault         Tloc           3%         N/A       99%         5
 Storm Form               Tmut/Air       1%         N/A       100%        7


Dungeon Overview and Level Annotations

Branches:
Dungeon (5/15)
 Temple: D:4-7

Altars:

Annotations:
D:3 Grinder


Innate Abilities, Weirdness & Mutations

You have hoof-like feet.
You are partially covered in yellow scales. (AC +2)
Your demonic aura sometimes causes spilled blood to erupt in flames.


Message History

There is an open door here.
Okay, then.
You hit the ogre. You kick the ogre, but do no damage.
The ogre is moderately wounded.
The ogre is engulfed in blazing flames.
The ogre hits you with a +0 giant club!
Unknown command.
You hit the ogre.
You kill the ogre!
Unknown command.
You start resting.
Magic restored.
You start resting.
HP restored.
You start waiting.
Done waiting.
Unknown command.
You see here a +0 giant club.
Things that are here:
a +0 dagger; a +0 leather armour An iguana comes into view.
The iguana hisses angrily.
An iguana is nearby!
Unknown command.
The iguana bites you!
You hit the iguana but do no damage.
The iguana is poisoned.
Your kick misses the iguana. The iguana bites you!
You are too injured to fight recklessly!
The iguana looks more healthy.
The iguana bites you!
* * * LOW HITPOINT WARNING * * *
You closely miss the iguana. You kick the iguana.
The iguana is severely wounded.
The iguana bites you but does no damage.
You hit the iguana.
The iguana is severely wounded.
The iguana bites you.
* * * LOW HITPOINT WARNING * * *
Unknown command.
The iguana attacks as you move away! The iguana bites you!
You die...

#.# ### ######### #.# #..
#.......# #.# #.#
#.#####.# #.# #.# #### #.#
#.# #.###.##### ...###
##.#####.# #.##......#
.....#
#####......#.###.#...###.#
.....#
#.......##.#.##...###.##.#
##.#.###.###....@l.......#
#.##.#
##.#.##........#######...#
#..... ##.#.##..###.#.#
##.#...###.#
##.#.##..##..#.# #.#####
#.# ##.#.##..##.##.# #.#
#.. .....##........# #+#
### .....##.###.##.#
##.####........#
##.########.#.##


You could see an iguana.

Vanquished Creatures
  2 ogres
  A necrophage (D:5)
  A bullfrog (D:5)
  2 hounds
  Ijyb (D:3)
  An iguana (D:4)
  4 adders
  A white imp (D:5)
  A worm (D:4)
  A dart slug (D:4)
  2 orcs
  3 endoplasms
  5 giant cockroaches
  7 goblins
  14 hobgoblins
  6 ball pythons
  6 bats
  5 frilled lizards
  5 kobolds
  7 rats
75 creatures vanquished.

Vanquished Creatures (others)
  A bush (D:5)
  A butterfly (D:5)
2 creatures vanquished.

Grand Total: 77 creatures vanquished

Notes
Turn   | Place    | Note
-------+----------+-------------------------------------------
     0 | D:1      | Zonian the Demonspawn Ice Elementalist began the quest for
                  | the Orb.
     0 | D:1      | Reached XP level 1. HP: 13/13 MP: 3/3
   293 | D:1      | Gained mutation: You have large cloven feet. [demonic
                  | ancestry]
   293 | D:1      | Reached XP level 2. HP: 15/19 MP: 0/5
   415 | D:1      | Found a faded altar of an unknown god.
  1290 | D:2      | Gained mutation: You have hoof-like feet. [demonic
                  | ancestry]
  1290 | D:2      | Reached XP level 3. HP: 17/24 MP: 1/6
  1604 | D:2      | Reached skill level 4 in Ice Magic
  2392 | D:2      | You fall into a shaft and drop 1 floor!
  2618 | D:3      | Noticed Ijyb
  2629 | D:3      | Killed Ijyb
  2630 | D:3      | Gained mutation: Your demonic aura sometimes causes spilled
                  | blood to erupt in flames. [demonic ancestry]
  2630 | D:3      | Reached XP level 4. HP: 14/30 MP: 4/8
  2849 | D:3      | Noticed Grinder
  2855 | D:3      | Paralysed by Grinder for 5 turns
  3123 | D:3      | Paralysed by Grinder for 3 turns
  3828 | D:3      | Learned a level 3 spell: Frozen Ramparts
  5186 | D:4      | Reached XP level 5. HP: 27/35 MP: 9/9
  5589 | D:4      | Identified the +6 dagger "Deweexin" {protect, Fly rN+++
                  | rCorr Int-4}
  5787 | D:4      | Noticed an ogre
  5793 | D:4      | Killed an ogre
  5818 | D:4      | Gained mutation: You are partially covered in yellow
                  | scales. (AC +2) [demonic ancestry]
  5818 | D:4      | Reached XP level 6. HP: 21/41 MP: 11/11
  6544 | D:5      | Entered Level 5 of the Dungeon
  6640 | D:5      | Reached skill level 5 in Ice Magic
  7568 | D:5      | Slain by an iguana

Illustrated notes

Levels and vault maps discovered:
D:1:      spicycebolla_green_bress_n_ham_2, layout_loops_cross,
          chequers_ecumenical_altar_island, grunt_decor_arrowhead,
          minmay_octomino_c4
D:2:      layout_loops_corners, chequers_serial_rivers_micro_b
D:3:      layout_loops_ring, amcnicky_mini_corridor_feature,
          minmay_fountain_box, kennysheep_doodads, uniq_grinder, uniq_ijyb
D:4:      layout_cave_pods
D:5:      layout_loops_corners, nicolae_elyvilon_peaceful_grove,
          fedhas_bush_and_centaur_altar, mainiacjoe_overflow_cross_hatched,
          temple_statues, serial_shops, nicolae_shop_hallway_plus

Skill      XL: |  1  2  3  4  5  6 |
---------------+-------------------+-----
Stealth        | 2 |  2.7
Dodging        | 2 |  2.5
Ice Magic      | 4 5 |  5.6
Spellcasting   | 3 4 |  4.7

Action                   |  1- 3 |  4- 6 || total
-------------------------+-------+-------++-------
Melee: Dagger            |    48 |    82 ||   130
       Kick              |    13 |    24 ||    37
       Punch             |     1 |       ||     1
       Rapier            |       |    19 ||    19
 Cast: Freeze            |    47 |     7 ||    54
Evoke: Wand              |       |     1 ||     1
  Use: Scroll            |    11 |    10 ||    21
 Stab: Sleeping          |     6 |     6 ||    12
Armor: Robe              |    21 |    14 ||    35
Dodge: Dodged            |    49 |    60 ||   109
